 Dungeon Crawl Stone Soup version 0.20-a0-1078-g4874019 (webtiles) character file.

16 Patate the Sneak (level 2, 13/13 HPs)
             Began as a Spriggan Conjurer on Apr 30, 2017.
             Quit the game on level 1 of the Dungeon.
             The game lasted 00:05:15 (896 turns).

Patate the Sneak (Spriggan Conjurer)                 Turns: 896, Time: 00:05:16

Health: 13/13      AC:  2    Str:  4    XL:     2   Next: 41%
Magic:  6/6        EV: 18    Int: 16    God:
Gold:   20         SH:  0    Dex: 16    Spells: 5/6 levels left

rFire    . . .     SeeInvis +   (weapon restricted)
rCold    . . .     Gourm    .   (shield restricted)
rNeg     . . .     Faith    .   a - +0 robe
rPois    .         Spirit   .   (helmet restricted)
rElec    .         Reflect  .   (no cloak)
rCorr    .         Harm     .   (gloves unavailable)
MR       .....                  (boots unavailable)
Stlth    +++.......             (no amulet)
Regen    0.1/turn               (no ring)
MPRegen  0.1/turn               (no ring)

@: very quick
A: unfitting armour, see invisible, herbivore 3, speed 3, slow metabolism 2
a: no special abilities


You were on level 1 of the Dungeon.
You were not hungry.

You visited 1 branch of the dungeon, and saw 1 of its levels.

You collected 20 gold pieces.

Inventory:

Armour
 a - a +0 robe (worn)
Scrolls
 e - a scroll of enchant weapon {unknown}
Books
 b - a book of Conjurations

   Spells                             Type                      Level
   a - Magic Dart                     Conjuration                  1
   b - Searing Ray                    Conjuration                  2
   c - Dazzling Spray                 Conjuration/Hexes            3
   d - Fulminant Prism                Conjuration/Hexes            4
   e - Force Lance                    Conjuration/Translocation    4
   f - Iskenderun's Mystic Blast      Conjuration                  4
Comestibles
 c - a bread ration
 d - 3 fruits


   Skills:
 - Level 3.0 Dodging
 - Level 4.1 Stealth
 + Level 2.7 Spellcasting
 + Level 3.1 Conjurations


You had 5 spell levels left.
You knew the following spells:

 Your Spells              Type           Power        Failure   Level  Hunger
a - Magic Dart            Conj           ##..         5%          1    #......


Dungeon Overview and Level Annotations

Branches:
Dungeon (1/15)

Altars:


Innate Abilities, Weirdness & Mutations

You are very small and have problems with some larger weapons.
You are too small for most types of armour.
You have supernaturally acute eyesight. (SInv)
You are a herbivore.
You cover ground extremely quickly.
You need consume almost no food.


Message History

Unknown command.
Casting: Magic Dart
Confirm with . or Enter, or press ? or * to list all spells.
You don't have enough magic to cast that spell.
Unknown command.
You hit the giant cockroach but do no damage.
The giant cockroach is almost dead.
The giant cockroach misses you.
You hit the giant cockroach.
You kill the giant cockroach!
There is an open door here.
You see here a giant cockroach corpse.
You start resting.
Your magical contamination has completely faded away.
You start resting.
Magic restored.
Save game and exit?
Welcome back, Patate the Spriggan Conjurer.
Press ? for a list of commands and other information.
Are you sure you want to abandon this character and quit the game? (Confirm with "yes".)

......#..............#####
#.#####.....................
#................)....####.. #
##......#########.......... #
##..........# #....#..... #
##.....#....# #....#.##.### #
###....#....#####....#.##.#.#####
###....#........#÷...#.##.#......
................@...............>
......#.###.....#....#.##.#.#####
......#.############.#.#..#.# #
.............##....†...#..... #
######..####.##.....#..#...... #
#..≈≈......#.##.....#.......... #
#.).>....#.#.##.....##.#..#+#####
#≈≈.≈....#....#.....##.#..#
.#####...#....#.....##.# ##


There were no monsters in sight!

Vanquished Creatures
  A leopard gecko (D:1)
  A giant cockroach (D:1)
  A goblin (D:1)
  A hobgoblin (D:1)
  3 jackals (D:1)
  A ball python (D:1)
  4 bats (D:1)
  A frilled lizard (D:1)
  A kobold (D:1)
  A rat (D:1)
15 creatures vanquished.

Notes
Turn   | Place    | Note
-------+----------+-------------------------------------------
     0 | D:1      | Patate the Spriggan Conjurer began the quest for the Orb.
     0 | D:1      | Reached XP level 1. HP: 9/9 MP: 5/5
   413 | D:1      | Reached skill level 4 in Stealth
   504 | D:1      | Reached XP level 2. HP: 13/13 MP: 4/6
   896 | D:1      | Quit the game

Vault maps used:
D:1:      dpeg_arrival_brainrot, moated_statue

Skill      XL: |  1 |
---------------+----+-----
Stealth        | 4 |  4.1
Conjurations   | 3 |  3.1
Dodging        | |  3.0
Spellcasting   | |  2.7

Action                   || total
-------------------------++-------
Melee: Unarmed           ||    41
 Cast: Magic Dart        ||    47
Armor: Robe              ||    19
Dodge: Dodged            ||    69
